 Dungeon Crawl Stone Soup version 0.30-a0-782-ge64f9170bb (webtiles) character file.

Game seed: 292790060554792828

189 tilp the Slasher (level 6, -7/52 HPs)
             Began as a Meteoran Fighter on Mar 5, 2023.
             Mangled by an ogre
             ... wielding a +0 giant spiked club
              (19 damage)
             ... on level 4 of the Dungeon.
             The game lasted 00:06:27 (853 turns).

tilp the Slasher (Meteoran Fighter)                  Turns: 853, Time: 00:06:27

Health: -7/52      AC:  8    Str: 18    XL:     6   Next: 20%
Magic:  7/7        EV: 10    Int:  9    God:
Gold:   86         SH:  5    Dex: 16    Spells: 5/5 levels left

rFire   . . .      SeeInvis .    a - +0 long sword
rCold   . . .      Faith    .    c - +0 buckler
rNeg    . . .      Spirit   .    b - +0 scale mail
rPois   .          Reflect  .    (no helmet)
rElec   .          Harm     .    n - +0 cloak
rCorr   .          Rampage  .    (no gloves)
Will    .....                    (no boots) Stlth
                                 (no amulet)
HPRegen 0.28/turn                (no ring)
MPRegen 0.10/turn                (no ring)

@: glowing
A: sense surroundings 1, otherworldly, glowing, explore regen
a: no special abilities


You were on level 4 of the Dungeon.
You visited 1 branch of the dungeon, and saw 5 of its levels.

You collected 158 gold pieces.
You spent 72 gold pieces at shops.

Inventory:

Hand Weapons
 a - a +0 long sword (weapon)
Missiles
 g - 5 poisoned darts (quivered)
 o - a boomerang
Armour
 b - a +0 scale mail (worn)
 c - a +0 buckler (worn)
 n - a +0 cloak (worn)
Wands
 h - a wand of digging (4)
Scrolls
 f - a scroll of teleportation
Potions
 d - 2 potions of might
 e - a potion of heal wounds
 i - a potion of lignification {unknown}
 j - a potion of haste {unknown}
 k - a potion of attraction {unknown}
 l - a potion of degeneration {unknown}


   Skills:
 * Level 4.0 Fighting
 * Level 6.0 Long Blades
 + Level 0.0 Throwing
 + Level 3.6 Armour
 + Level 2.0 Dodging
 + Level 0.0 Stealth
 + Level 3.6 Shields
 + Level 0.0 Evocations


You had 5 spell levels left.
You didn't know any spells.
Your spell library was empty.

Dungeon Overview and Level Annotations

Branches:
Dungeon (5/15) Zot: 2119
 Temple: D:4-7

Altars:
Elyvilon
Kikubaaqudgha
Yredelemnul

Shops:
D:3 *


Innate Abilities, Weirdness & Mutations

You passively map a small area around you.
You are easily found by Zot.
You glow in the dark.
You regain HP and MP as you explore.


Message History

Things that are here:
a +1 whip of freezing; a +0 scale mail
o - a boomerang
Things that are here:
a +0 dagger; a +0 ring mail; an orc corpse You feel a little less mighty now.
A goblin comes into view. It is wielding a +0 club.
The goblin shouts!
Found a white marble altar of Elyvilon.
The goblin closely misses you.
You barely miss the goblin. The goblin barely misses you.
You slash the goblin!
You kill the goblin!
Found a stone staircase leading down.
There is a stone staircase leading down here.
You climb downwards.
There is a stone staircase leading up here.
As you read the scroll labelled COUCHIYSUR, it crumbles to dust.
It is a scroll of identify.
e - a potion of heal wounds You climb upwards.
There is a stone staircase leading down here.
An ogre comes into view. It is wielding a +0 giant spiked club.
The ogre shouts!
Found a basalt altar of Yredelemnul.
You hit the ogre.
The ogre is lightly wounded.
The ogre hits you with a +0 giant spiked club!!
You barely miss the ogre.
The ogre is lightly wounded.
The ogre hits you with a +0 giant spiked club!
* * * LOW HITPOINT WARNING * * *
You barely miss the ogre.
The ogre is lightly wounded.
You hit the ogre.
The ogre is moderately wounded.
You block the ogre's attack.
You hit the ogre but do no damage.
The ogre is moderately wounded.
The ogre hits you with a +0 giant spiked club!!
You die...

#.# *####..>#.## #<#
##.##.# #.# #.##.# #.#
#.##.# ### *#.#
########.##.## , , ....
.............##...
.._..####..PPPP.....#.##
........O...)....##.#<##
* ###@#.#######*#.#.##
####...#.# #.#.##
##....#.#.# #.#.##
###..r###>.# ##....
#~~...~~#..# ##..#
#####~..♣..~#..# #####
*##.# ,, ..............#
#..)# ...#
#...♣._.♣....# #...#
#..# *#...........#
#...# #...


You could see an ogre and a neutral quokka (wandering).

Vanquished Creatures
  2 scorpions
  Crazy Yiuf (D:4)
  A worm (D:2)
  10 orcs
  An endoplasm (D:3)
  3 giant cockroaches
  A goblin (D:4)
  A hobgoblin (D:4)
  A quokka (D:3)
  2 ball pythons
  2 bats
  2 kobolds
  2 rats
29 creatures vanquished.

Vanquished Creatures (others)
  A fungus (D:4)
1 creature vanquished.

Grand Total: 30 creatures vanquished

Notes
Turn   | Place    | Note
-------+----------+-------------------------------------------
     0 | D:1      | tilp the Meteoran Fighter began the quest for the Orb.
     0 | D:1      | Reached XP level 1. HP: 19/19 MP: 2/2
   109 | D:3      | Reached XP level 2. HP: 15/26 MP: 3/3
   243 | D:3      | Reached skill level 3 in Long Blades
   276 | D:3      | Found an ancient bone altar of Kikubaaqudgha.
   354 | D:3      | Reached skill level 1 in Dodging
   356 | D:3      | Reached XP level 3. HP: 18/31 MP: 4/4
   574 | D:3      | Found Deoricat's Assorted Antiques.
   583 | D:3      | Bought a metallic amethyst potion for 18 gold pieces
   583 | D:3      | Bought a grey potion for 18 gold pieces
   583 | D:3      | Bought a cyan potion for 18 gold pieces
   583 | D:3      | Bought a sedimented yellow potion for 18 gold pieces
   629 | D:4      | Noticed a scorpion
   635 | D:4      | Killed a scorpion
   636 | D:4      | Reached skill level 4 in Long Blades
   636 | D:4      | Reached XP level 4. HP: 33/40 MP: 5/5
   636 | D:4      | Reached XP level 5. HP: 38/46 MP: 6/6
   663 | D:5      | Entered Level 5 of the Dungeon
   673 | D:5      | Reached skill level 5 in Long Blades
   766 | D:4      | Found a runed translucent door.
   767 | D:4      | Noticed Crazy Yiuf
   774 | D:4      | Killed Crazy Yiuf
   775 | D:4      | Reached XP level 6. HP: 42/52 MP: 7/7
   811 | D:4      | Reached skill level 6 in Long Blades
   830 | D:4      | Found a white marble altar of Elyvilon.
   847 | D:4      | Noticed an ogre
   848 | D:4      | Found a basalt altar of Yredelemnul.
   853 | D:4      | Mangled by an ogre

Illustrated notes

Levels and vault maps discovered:
D:1:      kennysheep_arrival_seaside, layout_rooms, minmay_liquid_box
D:2:      layout_loops_ring
D:3:      layout_loops_ring, kiku_gazebo_pond_becter, serial_shops, shop,
          serial_glass, glass_columns_b, glass_columns_a, minivault_23
D:4:      minmay_wonky_spiral, layout_loops_ring, okawaru_ov_weapons_minmay,
          elyvilon_altar_4, mainiacjoe_overflow_boulevard,
          nicolae_dithmenos_the_darkroom, uniq_ijyb, uniq_crazy_yiuf_cottage
D:5:      layout_gridville

Skill      XL: |  1  2  3  4  5  6 |
---------------+-------------------+-----
Long Blades    | 3 4 5 6 |  6.0
Dodging        | 1 2 |  2.0
Fighting       | 4 |  4.0
Armour         | |  3.6
Shields        | |  3.6

Action                     |  1- 3 |  4- 6 || total
---------------------------+-------+-------++-------
  Melee: Long sword        |    74 |    26 ||   100
  Throw: Dart              |       |     1 ||     1
    Use: Scroll            |     2 |     1 ||     3
         Potion            |       |     1 ||     1
 Armour: Scale mail        |    35 |     2 ||    37
  Dodge: Dodged            |    31 |    10 ||    41
  Block: Buckler           |    11 |     3 ||    14

Table legend: (Time is in decaauts)
 A = Elapsed time spent in this place.
 B = Non-inter-level travel time spent in this place.
 C = Inter-level travel time spent in this place.
 D = Time resting spent in this place.
 E = Time spent auto-exploring this place.
 F = Levels seen in this place.
 G = Mean time per level.
                   A        B        C        D        E       F      G
               +--------+--------+--------+--------+--------+-----+--------+
         Total |    879 |    766 |    113 |      3 |      0 |   5 |  175.8 |
       Dungeon |    879 |    766 |    113 |      3 |      0 |   5 |  175.8 |
               +--------+--------+--------+--------+--------+-----+--------+

Top non-repeatable levels by time:
     D:3: 549 daAuts
     D:4: 218 daAuts
     D:2: 61 daAuts
     D:5: 28 daAuts
     D:1: 21 daAuts
